[Event "Titled Tuesday Blitz February 28 Early 2023"]
[White "Wahedi, Ahmad Siar"]
[Black "Kucuksari, Kaan"]
[WhiteFideId "4651260"]
[BlackFideId "6380166"]
[WhiteElo "2453"]
[BlackElo "2364"]
[Result "0-1"]
[Round "04"]
[TimeControl "180+2"]
[Date "2023.02.28"]
[WhiteClock "0:00:10"]
[BlackClock "0:00:06"]

1. e4 c5 2. Nf3 Nc6 3. d4 cxd4 4. Nxd4 Nf6 5. Nc3 e5 6. Ndb5 d6 7. Bg5 a6 8. Na3 b5 9. Nd5 Be7 10. Bxf6 Bxf6 11. c4 O-O 12. cxb5 axb5 13. Nxb5 Be6 14. Nbc3 Nd4 15. Bd3 Bxd5 16. Nxd5 g6 17. O-O Bg7 18. a4 f5 19. b4 Qh4 20. g3 Qh3 21. f3 fxe4 22. Bxe4 Qd7 23. b5 Rab8 24. b6 h5 25. a5 h4 26. Kg2 h3+ 27. Kh1 Qb5 28. Rf2 Qc5 29. Rb2 Nxf3 30. Rc2 Qd4 31. Bxf3 e4 32. Qxd4 Bxd4 33. Rf1 Rxf3 34. Rxf3 exf3 35. Nf4 Re8 36. Rc1 f2 37. Nxh3 Re1+ 38. Kg2 Rxc1 39. Nxf2 Ra1 40. Kh3 Rxa5 41. Ne4 Bxb6 42. Nxd6 Rd5 43. Nc4 Bd8 44. Kg4 Rd4+ 0-1


[Site "https://www.chess.com"]

[Event "Titled Tuesday Blitz February 28 Early 2023"]
[White "Orlov, Georgi"]
[Black "Sargissyan, Sargis"]
[WhiteFideId "2011271"]
[BlackFideId "13303210"]
[WhiteElo "2641"]
[BlackElo "2109"]
[Result "1-0"]
[Round "04"]
[TimeControl "180+2"]
[Date "2023.02.28"]
[WhiteClock "0:00:32"]
[BlackClock "0:00:01"]

1. d4 Nf6 2. Nf3 g6 3. c4 Bg7 4. Nc3 O-O 5. e4 d6 6. Be2 e5 7. O-O Nc6 8. d5 Ne7 9. Nd2 Nd7 10. b4 a5 11. bxa5 Rxa5 12. Nb3 Ra8 13. Be3 f5 14. f3 b6 15. a4 Nc5 16. a5 Nxb3 17. Qxb3 fxe4 18. fxe4 Rxf1+ 19. Bxf1 bxa5 20. c5 Ba6 21. cxd6 cxd6 22. Bb6 Qb8 23. Rxa5 Bxf1 24. Rxa8 Qxa8 25. Kxf1 Bh6 26. g3 Nc8 27. Bf2 Qa6+ 28. Qb5 Qxb5+ 29. Nxb5 Bd2 30. Ke2 Ba5 31. Kd3 Kf7 32. g4 Ke7 33. Bh4+ Kd7 34. Bf6 Bd8 35. Bg7 Bb6 36. Kc4 Bc5 37. Bh6 Nb6+ 38. Kd3 Na4 39. Bc1 Bb6 40. Ba3 Bc5 41. Bc1 Bb6 42. Kc4 Bg1 43. Ba3 Bc5 44. Kb3 Bxa3 45. Kxa4 Bc5 46. Ka5 h5 47. gxh5 gxh5 48. Ka6 Be3 49. Kb7 Bc5 50. h3 Be3 51. Nc7 Bd4 52. Na6 Be3 53. Nb8+ Ke7 54. Kc6 1-0


[Site "https://www.chess.com"]

[Event "Titled Tuesday Blitz February 28 Early 2023"]
[White "Skliarov, Viktor"]
[Black "Bochnicka, Vladimir"]
[WhiteFideId "14106736"]
[BlackFideId "14943450"]
[WhiteElo "2284"]
[BlackElo "2094"]
[Result "0-1"]
[Round "04"]
[TimeControl "180+2"]
[Date "2023.02.28"]
[WhiteClock "0:00:12"]
[BlackClock "0:00:27"]

1. e4 c5 2. Nf3 Nc6 3. Bb5 e6 4. Bxc6 bxc6 5. d3 Qc7 6. Qe2 Ne7 7. h4 d5 8. e5 f6 9. h5 Rb8 10. c4 Nf5 11. O-O fxe5 12. Qxe5 Bd6 13. Qe2 O-O 14. Nc3 Nd4 15. Nxd4 cxd4 16. Nb1 e5 17. b3 Bf5 18. Ba3 Rbe8 19. Bxd6 Qxd6 20. Nd2 e4 21. cxd5 cxd5 22. Rac1 Kh8 23. Nb1 exd3 24. Qd2 Re4 25. Rfe1 Rh4 26. g3 Rxh5 27. Qf4 Qxf4 28. gxf4 Be4 29. f3 Bxf3 30. Nd2 Be2 31. Rc7 h6 32. Rxa7 Rxf4 33. a4 Rg5+ 34. Kh2 Rh4# 0-1


[Site "https://www.chess.com"]

[Event "Titled Tuesday Blitz February 28 Early 2023"]
[White "Alvarez Calzadilla, Jose Avelino"]
[Black "Seletsky, Grigory"]
[WhiteFideId "3526151"]
[BlackFideId "14112191"]
[WhiteElo "2310"]
[BlackElo "2490"]
[Result "1-0"]
[Round "04"]
[TimeControl "180+2"]
[Date "2023.02.28"]
[WhiteClock "0:00:07"]
[BlackClock "0:00:09"]

1. d4 c6 2. Nf3 d5 3. c3 Bf5 4. Bg5 Nd7 5. Nbd2 Ngf6 6. e3 h6 7. Bh4 e6 8. Be2 Be7 9. O-O Ne4 10. Bxe7 Qxe7 11. c4 Nxd2 12. Qxd2 O-O 13. b4 Rfd8 14. Qc3 Be4 15. a4 dxc4 16. Qxc4 Bxf3 17. Bxf3 e5 18. b5 Nb6 19. Qc5 Qxc5 20. dxc5 Nd5 21. Rfd1 Kf8 22. g3 Ke7 23. bxc6 bxc6 24. Rab1 Rd7 25. Bg4 Rc7 26. Rb3 Nf6 27. Bf3 Rd8 28. Rxd8 Kxd8 29. a5 Nd7 30. Rc3 f5 31. g4 e4 32. Be2 g6 33. h4 Ke7 34. h5 gxh5 35. gxf5 Rb7 36. a6 Rb1+ 37. Kg2 Nf6 38. Rc4 Rb2 39. Bd1 h4 40. Rd4 Rb5 41. Rc4 Ra5 42. Bc2 Rxa6 43. Bxe4 h3+ 44. Kxh3 Ra2 45. Kg3 Nxe4+ 46. Rxe4+ Kf6 47. Rh4 Kxf5 48. Rxh6 a5 49. Rxc6 a4 50. Ra6 Ke5 51. c6 Kd6 52. f4 a3 53. e4 Ra1 54. Kg4 a2 55. Kf5 Kc7 56. e5 Rc1 57. Rxa2 Rxc6 58. Rd2 Rc4 59. Kg5 Re4 60. Kf5 Rc4 61. Rd6 Rc5 62. Ke6 Rc4 63. f5 Rh4 64. f6 Rh6 65. Rd7+ Kc6 66. Rd2 Rg6 67. Rc2+ Kb7 68. Kf7 Rg5 69. e6 Re5 70. e7 1-0


[Site "https://www.chess.com"]

[Event "Titled Tuesday Blitz February 28 Early 2023"]
[White "Domingo Nunez, Ruben"]
[Black "Balint, Vilmos"]
[WhiteFideId "22245570"]
[BlackFideId "718050"]
[WhiteElo "2404"]
[BlackElo "2034"]
[Result "1-0"]
[Round "04"]
[TimeControl "180+2"]
[Date "2023.02.28"]
[WhiteClock "0:00:12"]
[BlackClock "0:00:26"]

1. e4 e6 2. Nf3 d5 3. Nc3 Nf6 4. e5 Nfd7 5. d4 c5 6. dxc5 Bxc5 7. Bf4 Nc6 8. Bd3 h6 9. h4 Qe7 10. a3 a6 11. h5 b5 12. Rh3 Bb7 13. Rg3 Rg8 14. Qe2 O-O-O 15. a4 b4 16. Nb1 Nd4 17. Nxd4 Bxd4 18. c3 bxc3 19. bxc3 Bc5 20. Bxa6 Nb6 21. a5 Nc4 22. Bxc4 dxc4 23. a6 Bd5 24. Be3 Kb8 25. Nd2 Bxe3 26. Qxe3 Ka8 27. Rg4 f5 28. Rd4 Qg5 29. Nxc4 Qxe3+ 30. Nxe3 Be4 31. Rad1 Rc8 32. f3 Bc6 33. Rd6 Rge8 34. Rb1 Re7 35. Nc4 Ka7 36. Nb6 Rcc7 37. Kf2 Be8 38. Rb3 Bxh5 39. Rd8 Re8 40. Rd7 Rxd7 41. Nxd7 Rd8 42. Nc5 Be8 43. Nxe6 Rd2+ 44. Kg1 Kxa6 45. Nc7+ Ka5 46. Nxe8 Rd1+ 47. Kh2 Rb1 48. Rxb1 Ka4 49. Rb4+ Ka3 50. Nxg7 f4 51. Nf5 Ka2 52. Nxh6 Ka1 53. Ng8 Ka2 54. Nf6 Ka3 55. Nh5 Ka2 56. Nxf4 1-0


[Site "https://www.chess.com"]

[Event "Titled Tuesday Blitz February 28 Early 2023"]
[White "Manukyan, Sargis A."]
[Black "Zhukova, Natalia"]
[WhiteFideId "13303970"]
[BlackFideId "14101513"]
[WhiteElo "2187"]
[BlackElo "2297"]
[Result "1-0"]
[Round "04"]
[TimeControl "180+2"]
[Date "2023.02.28"]
[WhiteClock "0:00:20"]
[BlackClock "0:00:01"]

1. d4 Nf6 2. c4 e6 3. Nc3 d5 4. Nf3 c5 5. cxd5 Nxd5 6. e4 Nxc3 7. bxc3 cxd4 8. cxd4 Bb4+ 9. Bd2 Bxd2+ 10. Qxd2 O-O 11. Bc4 Nc6 12. O-O b6 13. Rad1 Bb7 14. Rfe1 Rc8 15. Bb5 Na5 16. h3 Nc4 17. Qf4 a6 18. Bxc4 Rxc4 19. Qe3 Qc7 20. d5 Rd8 21. dxe6 fxe6 22. Ng5 Rxd1 23. Rxd1 Qe7 24. Qf4 h6 25. Nf3 Rxe4 26. Qb8+ Kh7 27. Rd8 Bd5 28. Ne5 Re1+ 29. Kh2 Rxe5 30. Rh8+ Kg6 31. Qxe5 Qf6 32. Qg3+ Kf7 33. Rb8 g5 34. Rxb6 Kg6 35. Rxa6 Qb2 36. Qd3+ Kf6 37. Qxd5 1-0


[Site "https://www.chess.com"]

[Event "Titled Tuesday Blitz February 28 Early 2023"]
[White "Miszler, Levente"]
[Black "Kim, Sergey"]
[WhiteFideId "763276"]
[BlackFideId "13700570"]
[WhiteElo "2176"]
[BlackElo "2617"]
[Result "0-1"]
[Round "04"]
[TimeControl "180+2"]
[Date "2023.02.28"]
[WhiteClock "0:00:14"]
[BlackClock "0:00:25"]

1. Nf3 Nf6 2. c4 g6 3. g3 Bg7 4. Bg2 O-O 5. O-O d6 6. Nc3 e5 7. d3 Nh5 8. Nd5 c6 9. Nc3 f5 10. Rb1 f4 11. b4 Nd7 12. b5 c5 13. a4 g5 14. Ne4 g4 15. Nxd6 gxf3 16. Bxf3 Ndf6 17. Nxb7 Bxb7 18. Bxb7 Rb8 19. Bf3 Qd7 20. e3 Qh3 21. exf4 exf4 22. d4 fxg3 23. fxg3 Ne4 24. Be3 Nc3 25. Qc2 Nxb1 26. Qxb1 cxd4 27. Bd5+ Kh8 28. Bf2 Qg4 29. c5 Nf4 30. Bg2 Nxg2 31. Kxg2 Qf3+ 32. Kg1 d3 33. c6 d2 34. Qd1 Qd3 35. Qg4 Rbe8 36. c7 Rc8 37. Qd7 Qxd7 0-1


[Site "https://www.chess.com"]

[Event "Titled Tuesday Blitz February 28 Early 2023"]
[White "Priasmoro, Novendra"]
[Black "Avazkhonov, Alikhon"]
[WhiteFideId "7105029"]
[BlackFideId "14208504"]
[WhiteElo "2412"]
[BlackElo "1739"]
[Result "0-1"]
[Round "04"]
[TimeControl "180+2"]
[Date "2023.02.28"]
[WhiteClock "0:00:43"]
[BlackClock "0:00:15"]

1. Nf3 d5 2. g3 c6 3. Bg2 Nf6 4. O-O Bg4 5. d4 Nbd7 6. c4 e6 7. Ne5 Bf5 8. Nc3 Bd6 9. Bf4 Qc7 10. cxd5 exd5 11. Rc1 Qb8 12. Nxd7 Nxd7 13. Bxd6 Qxd6 14. Qb3 Nb6 15. Rfd1 O-O 16. e3 Bg4 17. Re1 Rfe8 18. a4 Rab8 19. a5 Nc4 20. Qa2 Nd2 21. Kh1 Nf3 22. Rf1 Qh6 23. h4 g5 0-1


[Site "https://www.chess.com"]

[Event "Titled Tuesday Blitz February 28 Early 2023"]
[White "Itgelt, Khuyagtsogt"]
[Black "Toktomushev, Teimur"]
[WhiteFideId "4902912"]
[BlackFideId "14176726"]
[WhiteElo "2227"]
[BlackElo "2106"]
[Result "0-1"]
[Round "04"]
[TimeControl "180+2"]
[Date "2023.02.28"]
[WhiteClock "0:00:17"]
[BlackClock "0:00:07"]

1. c4 e6 2. Nf3 d5 3. d4 Nf6 4. g3 Bb4+ 5. Bd2 Be7 6. Bg2 O-O 7. Qc2 c6 8. O-O b6 9. Bf4 Ba6 10. b3 Nbd7 11. Nbd2 c5 12. Rfd1 Rc8 13. Qb2 cxd4 14. Qxd4 Bc5 15. Qb2 Qe7 16. a3 Ng4 17. e3 e5 18. Bg5 f6 19. b4 fxg5 20. bxc5 Nxc5 21. Ne1 Nxf2 22. Bxd5+ Kh8 23. Ndf3 Nxd1 24. Rxd1 e4 25. Ne5 Qf6 26. Ng2 Rce8 27. Nf7+ Rxf7 28. Qxf6 Rxf6 29. h4 gxh4 30. gxh4 Rd8 31. Nf4 Bxc4 0-1


[Site "https://www.chess.com"]

[Event "Titled Tuesday Blitz February 28 Early 2023"]
[White "Tan, Jun Ying"]
[Black "Jovic, Stanoje"]
[WhiteFideId "5710413"]
[BlackFideId "905020"]
[WhiteElo "2089"]
[BlackElo "2236"]
[Result "1-0"]
[Round "04"]
[TimeControl "180+2"]
[Date "2023.02.28"]
[WhiteClock "0:00:18"]
[BlackClock "0:00:12"]

1. d4 Nf6 2. c4 e6 3. Nc3 Bb4 4. e3 O-O 5. Ne2 c5 6. a3 Bxc3+ 7. Nxc3 cxd4 8. exd4 d5 9. Be3 b6 10. Be2 dxc4 11. Bxc4 Ba6 12. Bxa6 Nxa6 13. O-O Nc7 14. Bg5 h6 15. Bh4 Ncd5 16. Nxd5 Qxd5 17. Bxf6 gxf6 18. Qd2 Kg7 19. Rad1 Rac8 20. Rfe1 Rfd8 21. Re3 Rc4 22. Rg3+ Kf8 23. Qxh6+ Ke7 24. Rf3 Qg5 25. Qxg5 fxg5 26. Rfd3 Rc2 27. R3d2 Rxd2 28. Rxd2 e5 29. d5 Rc8 30. f3 Kd6 31. Kf2 f5 32. g3 Rc1 33. h4 gxh4 34. gxh4 a5 35. Kg2 a4 36. h5 Rc8 37. Kg3 Rg8+ 38. Kh4 f4 39. h6 Rg6 40. Kh5 Rg3 41. Rh2 Rg8 42. h7 Rh8 43. Kg6 Kxd5 44. Re2 Ra8 45. Kg7 Ra7+ 46. Kg6 Ra8 47. Kf6 Kd4 48. Rxe5 Rf8+ 49. Kg7 Ra8 50. Re4+ 1-0


[Site "https://www.chess.com"]

[Event "Titled Tuesday Blitz February 28 Early 2023"]
[White "Van Dael, Siem"]
[Black "Kvaloy, Aksel Bu"]
[WhiteFideId "1049771"]
[BlackFideId "1528815"]
[WhiteElo "2336"]
[BlackElo "2208"]
[Result "0-1"]
[Round "04"]
[TimeControl "180+2"]
[Date "2023.02.28"]
[WhiteClock "0:00:16"]
[BlackClock "0:01:37"]

1. e4 e5 2. Nf3 Nf6 3. Nxe5 Nc6 4. Nxc6 dxc6 5. d3 Bc5 6. Be3 Bxe3 7. fxe3 Ng4 8. Qf3 Qg5 9. Kd2 Nxh2 10. Rxh2 Qe5 11. Rh5 Qxb2 12. Nc3 Qxa1 13. Qg3 Qxf1 14. Qxg7 Qf2+ 15. Ne2 Rf8 16. Rxh7 Be6 17. Qg5 Kd7 18. Rg7 Rad8 19. Qc5 b6 20. Qa3 Rg8 21. Rxg8 Rxg8 0-1


[Site "https://www.chess.com"]

[Event "Titled Tuesday Blitz February 28 Early 2023"]
[White "Kovacsy, Barnabas"]
[Black "Poliakova, Varvara"]
[WhiteFideId "769290"]
[BlackFideId "13518313"]
[WhiteElo "2130"]
[BlackElo "2075"]
[Result "0-1"]
[Round "04"]
[TimeControl "180+2"]
[Date "2023.02.28"]
[WhiteClock "0:00:08"]
[BlackClock "0:00:52"]

1. e4 e5 2. Nf3 Nc6 3. Bb5 a6 4. Ba4 Nf6 5. d3 d6 6. c3 b5 7. Bc2 g6 8. d4 Bb7 9. Nbd2 Bg7 10. a4 exd4 11. cxd4 Nb4 12. Bb1 c5 13. O-O O-O 14. axb5 axb5 15. Rxa8 Qxa8 16. Re1 Re8 17. e5 dxe5 18. dxe5 Ng4 19. e6 fxe6 20. Ne4 Rd8 21. Qe2 c4 22. Neg5 Bd5 23. h3 Nh6 24. Bd2 Nc6 25. Nh4 Re8 26. Nxh7 Nd4 27. Qd1 Nhf5 28. Qg4 Nxh4 29. Qxh4 Bxg2 30. Nf6+ Kf8 31. Qxd4 Bxh3 32. Bxg6 Qg2# 0-1


[Site "https://www.chess.com"]

[Event "Titled Tuesday Blitz February 28 Early 2023"]
[White "Fiorito, Francisco"]
[Black "Levitan, Caleb Levi"]
[WhiteFideId "180165"]
[BlackFideId "14332620"]
[WhiteElo "2341"]
[BlackElo "1963"]
[Result "1-0"]
[Round "04"]
[TimeControl "180+2"]
[Date "2023.02.28"]
[WhiteClock "0:00:28"]
[BlackClock "0:00:17"]

1. d4 Nf6 2. Nc3 d5 3. Bf4 c5 4. e3 a6 5. dxc5 Nc6 6. Nf3 Bg4 7. h3 Bh5 8. Be2 e6 9. Na4 Ne4 10. c3 Nxc5 11. Nxc5 Bxc5 12. O-O O-O 13. a4 Bd6 14. Bxd6 Qxd6 15. Qb3 Rab8 16. Rfd1 Rfc8 17. Qb6 Qc7 18. Qxc7 Rxc7 19. a5 Bxf3 20. Bxf3 Ne5 21. Be2 Nc4 22. Ra2 Rc5 23. Bxc4 Rxc4 24. Rd4 Rbc8 25. Ra3 R8c5 26. Rb3 Rb5 27. Rxb5 axb5 28. Kf1 Kf8 29. Ke2 Ke7 30. Kd3 Kd6 31. b4 e5 32. Rxc4 dxc4+ 33. Ke4 Ke6 34. g4 g6 35. f4 f5+ 36. gxf5+ gxf5+ 37. Kf3 Kd5 38. h4 h5 39. Kg3 Ke4 40. fxe5 Kxe5 41. Kf3 Ke6 42. Kf4 Kf6 43. Kg3 Ke5 44. Kf3 Kd5 45. Kf4 Ke6 46. e4 fxe4 47. Kxe4 Kf6 48. Kd5 Kf5 49. Kc5 Kg4 50. Kb6 Kxh4 51. Kxb7 Kg3 52. a6 h4 53. a7 h3 54. a8=Q h2 55. Kb6 Kf2 56. Kxb5 Kg1 57. Kxc4 h1=Q 58. Qxh1+ Kxh1 59. b5 Kg2 60. b6 Kf3 61. b7 Ke2 62. b8=Q Kd2 63. Qh2+ Kc1 64. Kb3 Kd1 65. Qf2 Kc1 66. Qc2# 1-0


[Site "https://www.chess.com"]

[Event "Titled Tuesday Blitz February 28 Early 2023"]
[White "Babazada, Khazar"]
[Black "Filgueira, Hernan"]
[WhiteFideId "13413554"]
[BlackFideId "101770"]
[WhiteElo "2359"]
[BlackElo "2363"]
[Result "1-0"]
[Round "04"]
[TimeControl "180+2"]
[Date "2023.02.28"]
[WhiteClock "0:01:00"]
[BlackClock "0:00:19"]

1. e4 d6 2. d4 Nf6 3. Nc3 c6 4. Nf3 Bg4 5. h3 Bh5 6. Be2 e6 7. Be3 Be7 8. Qd2 d5 9. e5 Nfd7 10. g4 Bg6 11. h4 h5 12. gxh5 Bxh5 13. O-O-O c5 14. dxc5 Nc6 15. Nb5 Nxc5 16. Ng5 a6 17. Bxh5 Rxh5 18. Qe2 g6 19. Qf3 Nxe5 20. Qg3 axb5 21. Qxe5 Rxa2 22. Qg7 Ra1+ 23. Kd2 Ne4+ 24. Nxe4 dxe4+ 25. Ke2 Rxd1 26. Rxd1 Qc7 27. Qg8+ Bf8 28. Bg5 Rxg5 29. hxg5 Qc4+ 30. Kd2 Qd4+ 31. Kc1 Qxf2 32. Qh8 Qf4+ 33. Kb1 Qxg5 34. Qc3 Ke7 35. Qc7+ Kf6 36. Qd8+ Be7 37. Qh8+ Kf5 38. Rf1+ Kg4 39. Rg1+ 1-0


[Site "https://www.chess.com"]

[Event "Titled Tuesday Blitz February 28 Early 2023"]
[White "Demchenko, Anton"]
[Black "Martin Carmona, Gaston Manuel"]
[WhiteFideId "4160258"]
[BlackFideId "22284567"]
[WhiteElo "2545"]
[BlackElo "2245"]
[Result "1/2-1/2"]
[Round "04"]
[TimeControl "180+2"]
[Date "2023.02.28"]
[WhiteClock "0:00:10"]
[BlackClock "0:00:14"]

1. a3 b6 2. Nf3 Bb7 3. g3 g6 4. Bg2 Bg7 5. d3 c5 6. e4 d6 7. O-O e6 8. Nbd2 Nc6 9. Rb1 Nge7 10. h4 h6 11. b4 O-O 12. Bb2 Nd4 13. Nxd4 cxd4 14. h5 g5 15. f4 gxf4 16. gxf4 Kh8 17. Qe1 Rg8 18. Qf2 Rc8 19. Nf3 e5 20. Rbc1 f5 21. Rce1 fxe4 22. dxe4 Ba6 23. f5 Bf6 24. Qd2 Qf8 25. Rf2 Rg4 26. Bc1 Kh7 27. Kh1 Qg7 28. Bh3 Rg3 29. Kh2 Rg8 30. Rg2 Rxg2+ 31. Qxg2 Qf7 32. Bg4 Rg7 33. Rg1 d3 34. cxd3 Bxd3 35. Qd2 Bxe4 36. Qxh6+ Kg8 37. Ng5 Bxg5 38. Bxg5 Nxf5 39. Bxf5 Qxf5 40. Be3 Rxg1 41. Kxg1 Qg4+ 42. Kf2 Qg2+ 43. Ke1 Bd3 44. Qg5+ Qxg5 45. Bxg5 d5 46. Bf6 e4 47. Kf2 b5 48. Ke3 a6 49. Bd4 Kh7 50. Kf4 Kh6 51. Kg4 Be2+ 52. Kf4 Kxh5 53. Ke3 Bc4 54. Bc5 Kg4 55. Bd4 Kg3 56. Be5+ Kg2 57. Bd4 Kf1 58. Bc3 Bd3 59. Bd2 Bc4 60. Bc3 Bd3 61. Bd2 d4+ 62. Kxd4 Ke2 63. Bg5 Kd1 64. Kc3 Bc4 65. Bf4 Ke2 66. Kd4 Kf3 67. Be3 Ke2 68. Kxe4 Kd1 69. Kd4 Kc2 70. Kc5 Kb2 71. Bf4 Kxa3 72. Bc7 Ka4 73. Ba5 Kb3 74. Kb6 Ka4 75. Kxa6 Kb3 76. Kb6 Ka4 77. Kc5 Kb3 78. Kd4 Ka4 79. Kc3 Ka3 80. Kc2 Ka4 81. Kb2 Bd3 82. Kc3 Bc4 83. Kd4 1/2-1/2


[Site "https://www.chess.com"]

[Event "Titled Tuesday Blitz February 28 Early 2023"]
[White "Rodriguez Fontecha, Marcos"]
[Black "Yuan, Qingyu"]
[WhiteFideId "2256576"]
[BlackFideId "8609772"]
[WhiteElo "2263"]
[BlackElo "2359"]
[Result "0-1"]
[Round "04"]
[TimeControl "180+2"]
[Date "2023.02.28"]
[WhiteClock "0:00:03"]
[BlackClock "0:00:04"]

1. d4 Nf6 2. Nf3 g6 3. Bg5 Bg7 4. c3 O-O 5. Nbd2 d5 6. e3 Nbd7 7. Be2 a5 8. O-O a4 9. Re1 Re8 10. c4 c6 11. cxd5 cxd5 12. Bb5 Qa5 13. Qe2 Rd8 14. Rec1 Nb6 15. Bf4 Ne8 16. Rc5 Qa7 17. Rac1 Bd7 18. a3 e6 19. Ne5 Bf8 20. R5c2 Bxb5 21. Qxb5 Nd6 22. Qd3 Rdc8 23. Rxc8 Rxc8 24. Rxc8 Nbxc8 25. Nd7 Be7 26. Qc2 Qa5 27. h3 b5 28. Nf3 Nc4 29. h4 h5 30. Nfe5 Kg7 31. Nxg6 Qe1+ 32. Kh2 fxg6 33. Ne5 Nxe5 34. Bxe5+ Kf7 35. Qxc8 Qxf2 36. Qh8 Qxh4+ 37. Kg1 Qe1+ 38. Kh2 Qxe3 39. Qg7+ Ke8 40. Qxg6+ Kd7 41. Qxh5 Qf2 42. Qh7 Qxb2 43. Qd3 Qb3 44. Qf1 Bxa3 45. g4 Qc2+ 46. Kh3 Qb3+ 47. Kh4 Be7+ 48. g5 a3 49. Bf6 Bd6 50. Be5 a2 51. Bxd6 Kxd6 52. Qf8+ Kd7 53. Qf7+ Kd8 54. Qf8+ Kc7 55. Qe7+ Kb6 56. Qc5+ Ka6 57. Qc6+ Ka5 58. Qa8+ Kb4 59. g6 Qa4 60. Qd8 a1=Q 61. Qd6+ Kc4 62. Qc6+ Kd3 63. g7 Q1xd4+ 64. Kh5 Qxg7 65. Qc3+ Qxc3 0-1


[Site "https://www.chess.com"]

[Event "Titled Tuesday Blitz February 28 Early 2023"]
[White "Sattarov, Bobir"]
[Black "Abdilkhair, Abilmansur"]
[WhiteFideId "14203081"]
[BlackFideId "13716417"]
[WhiteElo "2351"]
[BlackElo "2216"]
[Result "1-0"]
[Round "04"]
[TimeControl "180+2"]
[Date "2023.02.28"]
[WhiteClock "0:02:02"]
[BlackClock "0:00:09"]

1. e4 e5 2. Nf3 Nc6 3. Bc4 Be7 4. d3 Nf6 5. a4 O-O 6. O-O d6 7. a5 h6 8. a6 b6 9. Nc3 Na5 10. Ba2 c5 11. Bc4 Bg4 12. h3 Bh5 13. Bd2 Qd7 14. Bd5 Nxd5 15. Nxd5 Nc6 16. g4 Bg6 17. c4 Rae8 18. Be3 Qd8 19. Kg2 Bg5 20. Bxg5 hxg5 21. Qd2 f6 22. h4 gxh4 23. Nxh4 Bf7 24. Rh1 Nd4 25. Nf5 Nxf5 26. gxf5 Bxd5 27. cxd5 Kf7 28. Qe2 Rh8 29. Rh5 Ke7 30. Rah1 Qc8 31. Qg4 Rhg8 32. Rh7 Kf8 33. Qg6 Re7 34. Rh8 Qe8 35. Rxg8+ Kxg8 36. Qh7+ Kf7 37. Rh6 Qg8 38. Rxf6+ Kxf6 39. Qg6# 1-0


[Site "https://www.chess.com"]

[Event "Titled Tuesday Blitz February 28 Early 2023"]
[White "Fernandez Guillen, Ernesto J."]
[Black "Vedder, Richard"]
[WhiteFideId "3512428"]
[BlackFideId "1004166"]
[WhiteElo "2423"]
[BlackElo "2168"]
[Result "1-0"]
[Round "04"]
[TimeControl "180+2"]
[Date "2023.02.28"]
[WhiteClock "0:02:13"]
[BlackClock "0:01:55"]

1. e4 e5 2. Nf3 Nc6 3. d4 exd4 4. Bc4 Nf6 5. O-O Nxe4 6. Re1 d5 7. Bxd5 Qxd5 8. Nc3 Qa5 9. Nxe4 Be6 10. Bd2 Qb5 11. Bg5 h6 12. Bh4 Qh5 13. Bf6 Qg6 14. Nh4 Qh7 15. Qh5 Bb4 16. c3 dxc3 17. bxc3 Be7 18. Bxe7 Nxe7 19. Qb5+ Bd7 20. Qxb7 Bc6 21. Nd6+ Kf8 22. Qxc7 1-0


[Site "https://www.chess.com"]

[Event "Titled Tuesday Blitz February 28 Early 2023"]
[White "Mazurkiewicz, Michal"]
[Black "Golubka, Petro"]
[WhiteFideId "1124943"]
[BlackFideId "14114224"]
[WhiteElo "2054"]
[BlackElo "2404"]
[Result "0-1"]
[Round "04"]
[TimeControl "180+2"]
[Date "2023.02.28"]
[WhiteClock "0:00:03"]
[BlackClock "0:02:27"]

1. e4 g6 2. d4 Bg7 3. Nc3 d6 4. f4 Nf6 5. Nf3 O-O 6. Be2 c5 7. dxc5 dxc5 8. Qxd8 Rxd8 9. Be3 Nc6 10. Bxc5 Nd7 11. Be3 Bxc3+ 12. bxc3 Nf6 13. Bd3 Bg4 14. Kf2 Rac8 15. Rab1 b6 16. h3 Bxf3 17. Kxf3 Na5 18. Bd4 Nc6 19. Bxf6 exf6 20. Ba6 Rc7 21. Rhd1 Kf8 22. Bb5 Ke7 23. Rxd8 Nxd8 24. c4 Ne6 25. Ke3 Nc5 26. Kd4 Ne6+ 27. Ke3 Nc5 28. Kd4 a6 29. Bxa6 Nxa6 30. Rxb6 Nc5 31. Rb5 Ne6+ 32. Ke3 Rxc4 33. Rb7+ Kf8 34. Kd3 Rd4+ 35. Ke3 Ra4 36. Rb2 Ra3+ 37. Kf2 Nxf4 0-1


[Site "https://www.chess.com"]

[Event "Titled Tuesday Blitz February 28 Early 2023"]
[White "Matinian, Nikita"]
[Black "TimGrutter03"]
[WhiteFideId "24129100"]
[WhiteElo "2422"]
[BlackElo "2438"]
[Result "1-0"]
[Round "04"]
[TimeControl "180+2"]
[Date "2023.02.28"]
[WhiteClock "0:00:10"]
[BlackClock "0:00:01"]

1. e4 g6 2. d4 Bg7 3. Nc3 d6 4. Be3 a6 5. g4 b5 6. Bg2 Bb7 7. h4 h6 8. g5 h5 9. Qe2 Nd7 10. O-O-O Rc8 11. f4 c5 12. dxc5 Nxc5 13. e5 Bxg2 14. Qxg2 b4 15. Nd5 Qa5 16. Bxc5 Rxc5 17. exd6 Qxa2 18. Nc7+ Kd7 19. dxe7+ Kxc7 20. e8=Q Qxb2+ 21. Kd2 Qxc2+ 22. Ke1 Qxg2 23. Qd8+ Kb7 24. Rd7+ Kc6 25. Qa8+ Kxd7 26. Qxg2 Ne7 27. Ne2 Bc3+ 28. Nxc3 bxc3 29. Kf2 Rhc8 30. Qb7+ Ke8 31. Re1 R5c7 32. Qxa6 c2 33. Rc1 Kf8 34. Qf6 1-0


[Site "https://www.chess.com"]

[Event "Titled Tuesday Blitz February 28 Early 2023"]
[White "Chernomordik, Pavel"]
[Black "Spata, German"]
[WhiteFideId "2804530"]
[BlackFideId "113026"]
[WhiteElo "2193"]
[BlackElo "2238"]
[Result "0-1"]
[Round "04"]
[TimeControl "180+2"]
[Date "2023.02.28"]
[WhiteClock "0:00:02"]
[BlackClock "0:00:05"]

1. e4 g6 2. h4 h6 3. f4 Bg7 4. h5 d6 5. hxg6 fxg6 6. Bc4 e6 7. Qg4 Qf6 8. Nf3 Nc6 9. d4 e5 10. Qg3 Nxd4 11. Nxd4 exd4 12. Na3 Bd7 13. Bd2 O-O-O 14. O-O-O Ne7 15. Bd3 Nc6 16. Nc4 Kb8 17. Rde1 Rde8 18. Rhf1 Rhg8 19. e5 dxe5 20. fxe5 Qe6 21. Bxg6 Qxc4 22. Bxe8 Bxe8 23. e6 Qxa2 24. Qa3 Qd5 25. e7 Qd6 26. Bf4 Qxa3 27. bxa3 Kc8 28. Re6 Kd7 29. Rfe1 Bf7 30. R6e2 Re8 31. g4 Rxe7 32. Rxe7+ Nxe7 33. Bxc7 Nd5 34. Be5 Bxe5 35. Rxe5 Nf6 36. g5 hxg5 37. Rxg5 Nd5 38. Rg4 Be6 39. Rxd4 Kc6 0-1


[Site "https://www.chess.com"]

[Event "Titled Tuesday Blitz February 28 Early 2023"]
[White "Atakhan, Abtin"]
[Black "Chernov, Mikhail"]
[WhiteFideId "22502203"]
[BlackFideId "24143170"]
[WhiteElo "2189"]
[BlackElo "2113"]
[Result "1-0"]
[Round "04"]
[TimeControl "180+2"]
[Date "2023.02.28"]
[WhiteClock "0:00:27"]
[BlackClock "0:00:05"]

1. c4 c5 2. Nf3 Nc6 3. Nc3 e5 4. g3 g6 5. Bg2 Bg7 6. d3 Nge7 7. O-O d6 8. Rb1 O-O 9. a3 a5 10. Bg5 f6 11. Be3 Be6 12. Ne1 Rb8 13. Nc2 Nd4 14. b4 b6 15. Bxd4 exd4 16. Nb5 d5 17. bxc5 bxc5 18. cxd5 Bxd5 19. a4 Bxg2 20. Kxg2 Nd5 21. Qd2 Re8 22. Nca3 f5 23. Nc4 f4 24. Rfe1 Rxb5 25. Rxb5 Nc3 26. Rxc5 Bh6 27. f3 Bf8 28. Re5 fxg3 29. hxg3 Bb4 30. Qf4 Nd5 31. Rxe8+ Qxe8 32. Qxd4 Bxe1 33. Qxd5+ Kg7 34. e4 Qxa4 35. Nd6 Qc2+ 36. Kh3 Qc1 37. Qb7+ Kh6 38. Nf7+ Kg7 39. Ng5+ Kf6 40. Qf7+ Kxg5 41. f4+ Kh6 42. Qf8+ Kh5 43. g4# 1-0


[Site "https://www.chess.com"]

[Event "Titled Tuesday Blitz February 28 Early 2023"]
[White "Yayloyan, Konstantin"]
[Black "Diaz Perez, Michel Alejandro"]
[WhiteFideId "13307088"]
[BlackFideId "3517179"]
[WhiteElo "2190"]
[BlackElo "2333"]
[Result "0-1"]
[Round "04"]
[TimeControl "180+2"]
[Date "2023.02.28"]
[WhiteClock "0:00:05"]
[BlackClock "0:00:15"]

1. e4 d6 2. d4 Nf6 3. Nc3 e5 4. Nf3 Nbd7 5. g4 g6 6. Rg1 c6 7. h4 b5 8. a3 Rb8 9. Be3 a5 10. Bd3 h5 11. gxh5 Nxh5 12. Ne2 Bg7 13. Qd2 b4 14. axb4 axb4 15. Ng3 Nxg3 16. Rxg3 exd4 17. Nxd4 Ne5 18. Bg5 Qb6 19. Nf3 Be6 20. Ra6 Qc7 21. Nd4 Bc8 22. Ra1 f6 23. Be3 Rxh4 24. f4 Nxd3+ 25. Qxd3 Rh1+ 26. Bg1 d5 27. Rxg6 Kf8 28. Qg3 c5 29. Ne2 Qe7 30. e5 fxe5 31. fxe5 Bf5 32. Qf3 Qf7 33. Rg5 Be4 34. Qf6 Bxf6 35. exf6 Qxf6 0-1


[Site "https://www.chess.com"]